[Event "Titled Tuesday Blitz April 18 Late 2023"]
[White "Manukyan, Sargis A."]
[Black "Mihajlovskij"]
[WhiteFideId "13303970"]
[WhiteElo "2187"]
[BlackElo "2308"]
[Result "1-0"]
[Round "05"]
[TimeControl "180+2"]
[Date "2023.04.18"]
[WhiteClock "0:00:17"]
[BlackClock "0:00:05"]

1. d4 Nf6 2. c4 g6 3. Nc3 Bg7 4. Nf3 O-O 5. h3 d6 6. Bf4 c5 7. d5 b5 8. cxb5 a6 9. bxa6 Bxa6 10. e4 Bxf1 11. Kxf1 Qb6 12. Qc2 Na6 13. Kg1 Rfb8 14. Bc1 Nd7 15. Kh2 Nc7 16. Nd2 Bd4 17. Nc4 Qa6 18. Ne3 Nb5 19. Bd2 Nc7 20. Rhb1 Rb7 21. Ncd1 Qe2 22. Bc3 Qxc2 23. Nxc2 Bxc3 24. Nxc3 Nb5 25. Nxb5 Rxb5 26. b3 Ne5 27. f3 Rba5 28. a4 Nd3 29. b4 Rxa4 30. Rxa4 Rxa4 31. b5 Ra5 32. b6 Ra8 33. Ne3 Rb8 34. Nc4 Ne5 35. Nxe5 dxe5 36. Kg3 Kf8 37. Kf2 Ke8 38. Ke2 Kd7 39. Kd3 Kd6 40. b7 Kc7 41. Kc4 Rxb7 42. Rxb7+ Kxb7 43. Kxc5 Kc7 44. g3 g5 45. Kb5 Kb7 46. Kc5 Kc7 47. Kc4 Kb8 48. Kb4 Kc8 49. Ka5 Kb7 50. Kb5 h5 51. h4 f6 52. Kc5 Kc7 53. Kb4 Kb6 54. Kc4 Ka5 55. Kc5 Ka6 56. d6 exd6+ 57. Kxd6 g4 58. fxg4 hxg4 59. h5 f5 60. Kxe5 f4 61. Kxf4 Kb6 62. h6 1-0


[Site "https://www.chess.com"]

[Event "Titled Tuesday Blitz April 18 Late 2023"]
[White "Domingo Nunez, Ruben"]
[Black "Naroditsky, Daniel"]
[WhiteFideId "22245570"]
[BlackFideId "2026961"]
[WhiteElo "2404"]
[BlackElo "2633"]
[Result "0-1"]
[Round "05"]
[TimeControl "180+2"]
[Date "2023.04.18"]
[WhiteClock "0:00:18"]
[BlackClock "0:01:16"]

1. e4 c5 2. d4 cxd4 3. c3 Nf6 4. e5 Nd5 5. Nf3 e6 6. cxd4 b6 7. Nc3 Bb7 8. Bd2 Nxc3 9. bxc3 d6 10. Bd3 Nd7 11. Qe2 Qc7 12. exd6 Bxd6 13. h3 O-O 14. O-O Nf6 15. Rac1 Nd5 16. Qe4 g6 17. Qh4 Nf4 18. Ng5 h5 19. Bxf4 Bxf4 20. Rce1 Bxg5 21. Qxg5 Qd8 22. Qe5 Qd5 23. f3 Qxe5 24. Rxe5 Rac8 25. Rc1 Rfd8 26. Rc2 Bd5 27. Kf2 Bc4 28. Ke3 f6 29. Bxc4 Rxc4 30. Rxe6 Kf7 31. Re4 f5 32. Rf4 Kf6 33. h4 b5 34. Kd3 Rdc8 35. a3 a5 36. g4 b4 37. axb4 axb4 38. gxh5 Rxc3+ 39. Rxc3 Rxc3+ 40. Kd2 g5 41. hxg5+ Kxg5 42. h6 Kxf4 43. h7 Rc8 44. d5 Ke5 45. f4+ Kxd5 0-1


[Site "https://www.chess.com"]

[Event "Titled Tuesday Blitz April 18 Late 2023"]
[White "Grigoriants, Sergey"]
[Black "Averjanov, Alexey"]
[WhiteFideId "4130804"]
[BlackFideId "14109867"]
[WhiteElo "2502"]
[BlackElo "2625"]
[Result "0-1"]
[Round "05"]
[TimeControl "180+2"]
[Date "2023.04.18"]
[WhiteClock "0:00:25"]
[BlackClock "0:01:45"]

1. d4 d5 2. c4 dxc4 3. e3 Nf6 4. Bxc4 e6 5. Nf3 a6 6. O-O b5 7. Be2 Bb7 8. b3 Nbd7 9. a4 b4 10. Bb2 c5 11. Nbd2 Be7 12. Nc4 Qc7 13. Rc1 O-O 14. Nfe5 Rfd8 15. Bf3 Nxe5 16. Nxe5 Rac8 17. h3 Qb8 18. Qe2 Ne4 19. Rc2 cxd4 20. Bxd4 Nc3 21. Bxc3 bxc3 22. Bxb7 Qxb7 23. Rfc1 Qxb3 24. Qxa6 Ba3 25. Nc6 Bxc1 26. Nxd8 Rxd8 27. Rxc1 Qb2 28. Rf1 c2 29. Qa5 Rc8 0-1


[Site "https://www.chess.com"]

[Event "Titled Tuesday Blitz April 18 Late 2023"]
[White "Ambartsumova, Karina"]
[Black "Demchenko, Anton"]
[WhiteFideId "4166299"]
[BlackFideId "4160258"]
[WhiteElo "2240"]
[BlackElo "2545"]
[Result "0-1"]
[Round "05"]
[TimeControl "180+2"]
[Date "2023.04.18"]
[WhiteClock "0:00:02"]
[BlackClock "0:00:04"]

1. c4 e5 2. Nc3 Nc6 3. Nf3 f5 4. d4 e4 5. Ng5 Bb4 6. g3 Nf6 7. Bg2 O-O 8. O-O Bxc3 9. bxc3 d6 10. f3 exf3 11. exf3 h6 12. Nh3 g5 13. Qd3 Ne7 14. Bd2 Bd7 15. Rae1 Ng6 16. Nf2 Rb8 17. c5 b5 18. cxd6 cxd6 19. Bh3 Ne8 20. Ng4 Kh7 21. Nf2 Ng7 22. Re2 Qf6 23. Rfe1 Qf7 24. a3 Rbe8 25. Rxe8 Rxe8 26. Rxe8 Nxe8 27. Qe2 Ng7 28. Nd3 a5 29. Nc1 Qd5 30. Bg2 Bc6 31. f4 Qxg2+ 32. Qxg2 Bxg2 33. Kxg2 gxf4 34. Bxf4 Nxf4+ 35. gxf4 Ne6 36. Nd3 Nc7 37. Nb2 Kg6 38. Kf3 Kf6 39. c4 Ke6 40. d5+ Kd7 41. cxb5 Nxb5 42. Nc4 a4 43. Nb6+ Ke7 44. Nxa4 Nxa3 45. Nc3 Nc4 46. Kg3 Ne3 47. Kf3 Nc2 48. Kg3 Nb4 49. Kf3 Kf6 50. Kg3 Nc2 51. Kf3 Kf7 52. Kg3 Ne1 53. Kf2 Nd3+ 54. Kf3 Kf6 55. Ke3 Nb4 56. Kf3 Ke7 57. Ke3 Na6 58. Kd4 Nc5 59. Nb5 Nd7 60. Nc3 Nf6 61. Ke3 Ng4+ 62. Kf3 Nxh2+ 63. Kg3 Ng4 64. Kh4 Nf6 65. Kh3 Nh5 66. Ne2 Kf7 67. Kh4 Nf6 68. Ng3 Kg6 69. Nxf5 Kxf5 0-1


[Site "https://www.chess.com"]

[Event "Titled Tuesday Blitz April 18 Late 2023"]
[White "benny_aizenberg"]
[Black "Rodshtein, Maxim"]
[BlackFideId "2806851"]
[WhiteElo "2598"]
[BlackElo "2555"]
[Result "0-1"]
[Round "05"]
[TimeControl "180+2"]
[Date "2023.04.18"]
[WhiteClock "0:00:03"]
[BlackClock "0:00:17"]

1. e4 g6 2. d4 Bg7 3. Nc3 d6 4. h4 h6 5. f3 a6 6. Be3 b5 7. Bd3 Nd7 8. Nh3 c5 9. dxc5 Nxc5 10. Nf4 Bb7 11. a3 Rc8 12. Qd2 Nf6 13. Be2 Nfd7 14. O-O-O Nb6 15. Kb1 Nca4 16. Nxa4 Nxa4 17. c3 O-O 18. Rc1 Nc5 19. Bd1 Nd7 20. Bb3 Kh7 21. h5 g5 22. Nd5 Ne5 23. f4 gxf4 24. Bxf4 e6 25. Ne3 Bxe4+ 26. Bc2 d5 27. Rcd1 f5 28. g4 Nc4 29. Nxc4 Rxc4 30. gxf5 Bxf5 31. Bxf5+ Rxf5 32. Be3 Rg4 33. Qe2 Re4 34. Rhg1 Qh4 35. Qg2 Qf6 36. Bd4 e5 37. Bc5 Rg5 38. Qc2 Rxg1 39. Rxg1 Kh8 40. Ka2 Rf4 41. Rg6 Qf7 42. Rxa6 d4+ 43. Qb3 Qxb3+ 44. Kxb3 d3 45. Rd6 e4 46. Be3 Rf3 47. Bxh6 Bxh6 48. Rxh6+ Kg7 49. Rd6 Rf2 50. Rd4 Re2 51. a4 bxa4+ 52. Kxa4 d2 53. b4 e3 54. Kb3 Re1 55. Kc2 Rc1+ 56. Kb2 e2 57. Rxd2 e1=Q 58. Rd7+ Kh6 59. Kb3 Rb1+ 60. Kc4 Qe6+ 61. Rd5 Rd1 0-1


[Site "https://www.chess.com"]

[Event "Titled Tuesday Blitz April 18 Late 2023"]
[White "Lewicki, Miroslaw"]
[Black "Peng, Li Min"]
[WhiteFideId "1113380"]
[BlackFideId "14112620"]
[WhiteElo "2212"]
[BlackElo "2436"]
[Result "1-0"]
[Round "05"]
[TimeControl "180+2"]
[Date "2023.04.18"]
[WhiteClock "0:00:14"]
[BlackClock "0:00:19"]

1. g3 d5 2. Bg2 Nf6 3. Nf3 g6 4. O-O Bg7 5. d4 O-O 6. b3 b6 7. Bb2 Bb7 8. c4 a5 9. Nc3 e6 10. e3 dxc4 11. bxc4 Na6 12. Qe2 Qc8 13. Rfd1 Rd8 14. Rac1 Ne4 15. h4 h6 16. h5 g5 17. Nxe4 Bxe4 18. d5 exd5 19. Bxg7 Kxg7 20. Qb2+ Kg8 21. cxd5 Nc5 22. Ne5 Bxg2 23. Kxg2 Rd6 24. f3 Qf8 25. Ng4 Qg7 26. Qxg7+ Kxg7 27. e4 Rad8 28. Ne3 Kh7 29. e5 R6d7 30. f4 gxf4 31. gxf4 f6 32. e6 Rg7+ 33. Kf3 Rdg8 34. Nf5 Rg2 35. e7 Rxa2 36. Rc3 Na4 37. Rxc7 Kh8 38. Nxh6 Ra3+ 39. Ke4 Re8 40. d6 Nc3+ 41. Rxc3 Rxc3 42. Kf5 Kg7 43. Ke6 Re3+ 44. Kd7 R8xe7+ 45. dxe7 Kxh6 46. e8=Q Rxe8 47. Kxe8 Kxh5 48. Rg1 a4 49. Kf7 a3 50. Kxf6 b5 51. Ke5 b4 52. Kd4 b3 53. Kc3 b2 54. Kb3 b1=Q+ 55. Rxb1 Kg4 56. Kxa3 Kxf4 57. Kb4 Ke3 58. Rc1 Kd2 59. Rc3 Ke2 60. Kc4 Kd2 61. Kd4 Ke2 62. Rd3 Kf2 63. Re3 Kf1 64. Ke4 Kf2 65. Kf4 Kg2 66. Rf3 Kg1 67. Kg3 Kh1 68. Rf1# 1-0


[Site "https://www.chess.com"]

[Event "Titled Tuesday Blitz April 18 Late 2023"]
[White "Szpar, Milosz"]
[Black "Bruedigam, Martin"]
[WhiteFideId "1184989"]
[BlackFideId "24608033"]
[WhiteElo "2436"]
[BlackElo "2331"]
[Result "1-0"]
[Round "05"]
[TimeControl "180+2"]
[Date "2023.04.18"]
[WhiteClock "0:00:44"]
[BlackClock "0:01:05"]

1. e4 c6 2. d4 d5 3. e5 Bf5 4. h4 Qc7 5. Nc3 h6 6. g4 Bd7 7. h5 e6 8. f4 c5 9. Nf3 a6 10. Ne2 cxd4 11. Nexd4 Nc6 12. c3 Nxd4 13. Nxd4 Ne7 14. Be3 Nc6 15. Bd3 Nxd4 16. cxd4 Qa5+ 17. Kf2 Bb5 18. Bc2 Be7 19. f5 Rc8 20. a3 Rf8 21. Rc1 f6 22. Bb1 fxe5 23. Rxc8+ Bd8 24. dxe5 exf5 25. Bxf5 Bd7 26. Qc2 d4 27. Bxd4 Qd5 28. Rxd8+ Kxd8 29. Bb6+ Ke8 30. Rd1 Qb5 31. Rxd7 Qxb6+ 32. Kf3 Rxf5+ 33. Qxf5 Qc6+ 34. Kg3 Qxd7 35. Qxd7+ Kxd7 36. Kf4 Ke6 37. Ke4 a5 38. a4 Kf7 39. Kd5 Ke7 40. e6 1-0


[Site "https://www.chess.com"]

[Event "Titled Tuesday Blitz April 18 Late 2023"]
[White "Rozman, Levy"]
[Black "Aggelis, Nikolaos"]
[WhiteFideId "2039877"]
[BlackFideId "4213220"]
[WhiteElo "2376"]
[BlackElo "2189"]
[Result "1-0"]
[Round "05"]
[TimeControl "180+2"]
[Date "2023.04.18"]
[WhiteClock "0:00:14"]
[BlackClock "0:00:18"]

1. e4 c6 2. d4 d5 3. f3 e5 4. dxe5 Qb6 5. Nc3 Bc5 6. Na4 Qa5+ 7. c3 Bxg1 8. Rxg1 dxe4 9. Qd4 Ne7 10. Bg5 Nd7 11. Bxe7 Kxe7 12. f4 Qd5 13. O-O-O Qxd4 14. Rxd4 f5 15. g4 Nb6 16. gxf5 Bxf5 17. Nxb6 axb6 18. Rxg7+ Kf8 19. Rxb7 Rg8 20. Bc4 Rg7 21. Rxb6 e3 22. Rxc6 Rg2 23. Rf6+ Ke7 24. Rxf5 e2 25. Re4 Rg1+ 26. Kd2 Rd8+ 27. Kxe2 Rdd1 28. Kf2 Rh1 29. Rf7+ Ke8 30. Rxh7 Rd2+ 31. Re2 Rdd1 32. Ke3 1-0


[Site "https://www.chess.com"]

[Event "Titled Tuesday Blitz April 18 Late 2023"]
[White "Jimenez Almeida, Luis David"]
[Black "Thomforde-Toates, Noah"]
[WhiteFideId "22242244"]
[BlackFideId "30951992"]
[WhiteElo "2245"]
[BlackElo "2746"]
[Result "0-1"]
[Round "05"]
[TimeControl "180+2"]
[Date "2023.04.18"]
[WhiteClock "0:00:58"]
[BlackClock "0:01:14"]

1. e4 d6 2. d4 Nf6 3. Nc3 Nbd7 4. g3 e5 5. Nge2 g6 6. Bg2 Bg7 7. h3 O-O 8. Be3 exd4 9. Nxd4 Re8 10. Qd2 Nc5 11. Bg5 Nfxe4 12. Nxe4 Nxe4 13. Bxe4 Rxe4+ 14. Ne2 Qe8 15. Be3 b6 16. O-O-O Bb7 17. Rh2 Qe6 18. Kb1 Re8 19. h4 Rc4 20. Nf4 Qe5 21. c3 Be4+ 22. Ka1 Rxc3 23. h5 Rc2 0-1


[Site "https://www.chess.com"]

[Event "Titled Tuesday Blitz April 18 Late 2023"]
[White "Silva, Caio Henrique Angelico"]
[Black "Bazeev, German"]
[WhiteFideId "22777210"]
[BlackFideId "24119350"]
[WhiteElo "2096"]
[BlackElo "2466"]
[Result "0-1"]
[Round "05"]
[TimeControl "180+2"]
[Date "2023.04.18"]
[WhiteClock "0:00:02"]
[BlackClock "0:00:27"]

1. Nf3 Nf6 2. g3 d5 3. b3 c6 4. Bb2 Bg4 5. Bg2 Nbd7 6. O-O h5 7. h3 Bxf3 8. exf3 h4 9. g4 e6 10. Re1 Bd6 11. d3 Bb8 12. Nd2 Bf4 13. Nf1 Qc7 14. c4 dxc4 15. dxc4 O-O-O 16. Qe2 Nc5 17. Rad1 Rxd1 18. Rxd1 Rd8 19. Bd4 b6 20. Ne3 e5 21. Bxc5 bxc5 22. Nf5 g6 23. Ne3 Qa5 24. Rxd8+ Qxd8 25. Bf1 Qd4 26. Ng2 Bg5 27. Qd3 Kc7 28. Be2 Qxd3 29. Bxd3 Kb6 30. Ne3 Ka5 31. Nc2 Bf4 32. Kf1 Nh7 33. Kg2 Ng5 34. Be4 Ne6 35. Bxc6 Nd4 36. Ne1 Kb4 37. Bd5 Kc3 38. Bxf7 Bd2 39. Kf1 Bxe1 40. Kxe1 g5 41. Bd5 a5 42. Kd1 Kb2 43. a3 Kxb3 44. Kd2 Kxa3 45. Kd3 a4 46. Bf7 Kb2 0-1


[Site "https://www.chess.com"]

[Event "Titled Tuesday Blitz April 18 Late 2023"]
[White "Spata, German"]
[Black "mrithyunjay"]
[WhiteFideId "113026"]
[WhiteElo "2238"]
[BlackElo "2457"]
[Result "1-0"]
[Round "05"]
[TimeControl "180+2"]
[Date "2023.04.18"]
[WhiteClock "0:00:17"]
[BlackClock "0:00:22"]

1. e4 c5 2. b3 e6 3. Bb2 a6 4. Nf3 b5 5. d4 cxd4 6. Nxd4 Bb7 7. Bd3 Nf6 8. Qe2 Nc6 9. Nxc6 dxc6 10. O-O Be7 11. a4 O-O 12. Nd2 h6 13. Rfd1 Qb6 14. e5 Nd5 15. Qe4 g6 16. Qg4 Kh7 17. h4 bxa4 18. Rxa4 Kg7 19. h5 g5 20. Qe4 Rh8 21. Nc4 Qc7 22. Nd6 c5 23. Nxf7 Kxf7 24. Qg6+ Kf8 25. Qxe6 Nf4 26. Qf5+ Ke8 27. e6 Rf8 28. Qh7 Bd6 29. Bg6+ Kd8 30. Qxh6 Kc8 31. Qxg5 Bxg2 32. e7 Bxe7 33. Qe5 Bf3 34. Qxc7+ Kxc7 35. Be5+ Kb7 36. Rd7+ Kc6 37. Rxe7 Nh3+ 38. Kh2 Ng5 39. Bg3 Bd5 40. Rf4 Rxf4 41. Bxf4 Nf3+ 42. Kg3 Rf8 43. h6 Nd4 44. h7 Ne6 45. Be5 Nf4 46. Bxf4 Be4 47. Bxe4+ Kb5 48. Rg7 Rf7 49. Rg8 Rxh7 50. Bxh7 c4 51. Bd3 cxd3 52. cxd3 Kb4 53. Rb8+ Ka3 54. Be5 a5 55. b4 axb4 56. Rxb4 Kxb4 57. Kf4 Kc5 58. Ke4 Kc6 59. f4 Kd7 60. f5 Ke7 61. d4 Kf7 62. d5 Ke7 63. d6+ Kd7 64. Kd5 Ke8 65. f6 Kd7 66. f7 Kc8 67. f8=Q+ Kb7 68. Qe7+ Kb6 69. Qc7+ Kb5 70. Qb7+ Ka4 71. Kc4 Ka3 72. Qb3# 1-0


[Site "https://www.chess.com"]

[Event "Titled Tuesday Blitz April 18 Late 2023"]
[White "Prieto Aranguren, Alain"]
[Black "Marek, Matyas"]
[WhiteFideId "2268906"]
[BlackFideId "335398"]
[WhiteElo "2209"]
[BlackElo "2279"]
[Result "0-1"]
[Round "05"]
[TimeControl "180+2"]
[Date "2023.04.18"]
[WhiteClock "0:00:01"]
[BlackClock "0:00:23"]

1. d4 Nf6 2. c4 c5 3. d5 b5 4. cxb5 a6 5. bxa6 g6 6. Nc3 Bg7 7. e4 O-O 8. a7 Rxa7 9. Nf3 d6 10. Be2 Ba6 11. O-O Qa5 12. Bd2 Bxe2 13. Qxe2 Qa6 14. Qxa6 Nxa6 15. e5 dxe5 16. Nxe5 Nb4 17. Be3 Rc8 18. Nc6 Nxc6 19. dxc6 Rxc6 20. Rac1 Ng4 21. Rc2 Nxe3 22. fxe3 Rb7 23. Rf4 e6 24. Rc4 Rb4 25. Na4 Rd6 26. Nxc5 Rd1+ 27. Kf2 Rxc4 28. Rxc4 Rd2+ 29. Kf3 Rxb2 30. a4 Ra2 31. h4 Bf6 32. g3 Kg7 33. Ne4 Be5 34. g4 h6 35. g5 hxg5 36. hxg5 Ra3 37. Nc5 Bd6 38. Ne4 Bb8 39. Nf6 Be5 40. Ne4 Kf8 41. Rc5 Bd4 42. Rc8+ Ke7 43. Nf6 Bxf6 44. gxf6+ Kxf6 45. Ra8 Ke5 46. a5 f5 47. a6 g5 48. a7 g4+ 49. Kf2 g3+ 50. Kf3 f4 51. Kg2 fxe3 52. Kxg3 Ke4 53. Kg2 Ra2+ 54. Kf1 e2+ 55. Kf2 e5 56. Rh8 Rxa7 57. Kxe2 Ra2+ 58. Ke1 Kd3 59. Rh3+ Kd4 60. Rh8 e4 61. Rb8 Ke3 0-1


[Site "https://www.chess.com"]

[Event "Titled Tuesday Blitz April 18 Late 2023"]
[White "ayme97"]
[Black "Prohaszka, Peter"]
[BlackFideId "726265"]
[WhiteElo "2227"]
[BlackElo "2626"]
[Result "0-1"]
[Round "05"]
[TimeControl "180+2"]
[Date "2023.04.18"]
[WhiteClock "0:00:02"]
[BlackClock "0:00:05"]

1. d4 d5 2. c4 e6 3. Nc3 a6 4. cxd5 exd5 5. Nf3 Nf6 6. Bg5 Be6 7. e3 Nbd7 8. Bd3 c6 9. Ne5 h6 10. Bxf6 Qxf6 11. f4 Bf5 12. O-O Bxd3 13. Qxd3 Nxe5 14. fxe5 Qg6 15. Qxg6 fxg6 16. e4 dxe4 17. Nxe4 Rd8 18. Rad1 Be7 19. Rd2 Rf8 20. Rxf8+ Kxf8 21. Kf2 Kf7 22. g3 Ke6 23. Ke3 a5 24. h4 a4 25. Nc3 a3 26. b3 g5 27. h5 Bb4 28. Rc2 c5 29. dxc5 Bxc5+ 30. Ke4 Rd4+ 31. Kf3 g4+ 32. Kg2 Kxe5 33. Ne2 b6 34. Nxd4 Kxd4 35. Rc4+ Kd3 36. Rxg4 Kc3 37. Rxg7 Kb2 38. Rg6 Kxa2 39. Rxh6 Kxb3 40. Rh7 a2 0-1


[Site "https://www.chess.com"]

[Event "Titled Tuesday Blitz April 18 Late 2023"]
[White "Yarar, Bora"]
[Black "Florianovitz, Derlei Alex"]
[WhiteFideId "34588400"]
[BlackFideId "2114178"]
[WhiteElo "2273"]
[BlackElo "1953"]
[Result "1-0"]
[Round "05"]
[TimeControl "180+2"]
[Date "2023.04.18"]
[WhiteClock "0:02:26"]
[BlackClock "0:00:37"]

1. e4 e6 2. d4 d5 3. e5 c5 4. c3 Nc6 5. Nf3 Qb6 6. Na3 cxd4 7. cxd4 Bxa3 8. bxa3 Nge7 9. Bd3 Nf5 10. Rb1 Qa5+ 11. Bd2 Qxa3 12. Qe2 Bd7 13. O-O b6 14. Rfc1 O-O 15. g4 Nfxd4 16. Nxd4 Nxd4 17. Qe3 Qxa2 18. Qxd4 Rac8 19. Bb4 Rxc1+ 20. Rxc1 Rc8 21. Rxc8+ Bxc8 22. Qc3 Ba6 23. Qc7 g6 24. Qd8+ Kg7 25. Bf8+ Kg8 26. Bh6# 1-0


[Site "https://www.chess.com"]

[Event "Titled Tuesday Blitz April 18 Late 2023"]
[White "Sargsyan, Shant"]
[Black "Jovic, Stanoje"]
[WhiteFideId "13306766"]
[BlackFideId "905020"]
[WhiteElo "2628"]
[BlackElo "2236"]
[Result "1-0"]
[Round "05"]
[TimeControl "180+2"]
[Date "2023.04.18"]
[WhiteClock "0:02:20"]
[BlackClock "0:00:11"]

1. c3 c5 2. Nf3 d5 3. d4 Nc6 4. Bf4 Bg4 5. e3 e6 6. Qb3 Qb6 7. Nbd2 c4 8. Qc2 Bf5 9. Qc1 Nf6 10. b3 cxb3 11. axb3 Be7 12. Be2 O-O 13. O-O Rfc8 14. Qb2 a5 15. h3 Ne4 16. Nxe4 Bxe4 17. Nd2 Bg6 18. Rfc1 Bf6 19. Bg3 e5 20. Nf3 exd4 21. cxd4 Nb4 22. Rxc8+ Rxc8 23. Rc1 Rxc1+ 24. Qxc1 Qc6 25. Qxc6 bxc6 26. Bc7 Bc2 27. Bxa5 Be7 28. Ne5 f6 29. Bxb4 Bxb4 30. Nxc6 Bd6 31. b4 Kf7 32. b5 Bc7 33. Bf3 Bb3 34. Nb4 Ke6 35. Nd3 Kd6 36. Be2 Ba5 37. Nc5 Bc4 38. Bxc4 dxc4 39. Nb7+ Kd5 40. Nxa5 c3 41. Kf1 c2 42. Nb3 Kc4 43. Nc1 1-0


[Site "https://www.chess.com"]

[Event "Titled Tuesday Blitz April 18 Late 2023"]
[White "Storey, Charles H"]
[Black "Vivekananthan, Anish"]
[WhiteFideId "406686"]
[BlackFideId "2090775"]
[WhiteElo "2196"]
[BlackElo "2829"]
[Result "0-1"]
[Round "05"]
[TimeControl "180+2"]
[Date "2023.04.18"]
[WhiteClock "0:01:02"]
[BlackClock "0:01:54"]

1. e4 e5 2. Nf3 Nc6 3. Nc3 Nf6 4. Bb5 Bc5 5. d3 O-O 6. Bg5 h6 7. Bh4 Nd4 8. Nxd4 Bxd4 9. Nd5 g5 10. Nxf6+ Qxf6 11. Bg3 Bxb2 12. O-O Bxa1 13. Qxa1 d6 14. Re1 c6 15. Bc4 Be6 16. Re3 Bxc4 17. dxc4 Qe6 18. c5 Rad8 19. h4 f6 20. Rb3 Rd7 21. Qb1 Rff7 22. cxd6 Qxd6 23. hxg5 Qd1+ 24. Qxd1 Rxd1+ 25. Kh2 hxg5 26. Kh3 Kg7 27. Kg4 Kg6 28. f3 Rd2 29. Rc3 Rh7 0-1


[Site "https://www.chess.com"]

[Event "Titled Tuesday Blitz April 18 Late 2023"]
[White "QuiesPrecatio"]
[Black "Goltsev, Dmitry"]
[BlackFideId "24176710"]
[WhiteElo "2456"]
[BlackElo "2336"]
[Result "0-1"]
[Round "05"]
[TimeControl "180+2"]
[Date "2023.04.18"]
[WhiteClock "0:00:02"]
[BlackClock "0:00:04"]

1. Nf3 d5 2. g3 c6 3. Bg2 g6 4. O-O Bg7 5. d3 Nf6 6. Nbd2 O-O 7. e4 dxe4 8. dxe4 Nbd7 9. c3 Nc5 10. Qc2 Qd3 11. Qxd3 Nxd3 12. Nd4 e5 13. Nc2 Bg4 14. f3 Be6 15. Rd1 Bh6 16. Nb3 Bxb3 17. Bxh6 Bxc2 18. Rd2 Rfd8 19. Rxc2 Nc5 20. Be3 Ne6 21. Bf1 Rd6 22. Kf2 Rad8 23. Ke1 b6 24. Be2 Ne8 25. Rd1 f5 26. exf5 gxf5 27. Rxd6 Nxd6 28. Rd2 Kf7 29. Bd3 e4 30. fxe4 Nxe4 31. Rd1 Kf6 32. g4 Rd5 33. gxf5 Kxf5 34. Bc4 Rxd1+ 35. Kxd1 Nf4 36. Bg8 Nf6 37. Bb3 h5 38. Bc2+ Kg4 39. a4 Kf3 40. Bd4 Ng4 41. h4 Ne3+ 42. Bxe3 Kxe3 43. b4 Kf3 44. c4 c5 45. a5 cxb4 46. axb6 axb6 47. Kc1 Kg4 48. Kb2 Kxh4 49. Kb3 Kg3 50. Kxb4 h4 51. Bf5 Ng2 52. Kb5 Ne3 53. Be6 Kf4 54. Kxb6 Ke5 55. Bd5 Nxd5+ 56. cxd5 Kxd5 0-1


[Site "https://www.chess.com"]

[Event "Titled Tuesday Blitz April 18 Late 2023"]
[White "Kovalevsky, Stanislav"]
[Black "Timmermans, Mark"]
[WhiteFideId "13508598"]
[BlackFideId "1026399"]
[WhiteElo "2174"]
[BlackElo "2460"]
[Result "0-1"]
[Round "05"]
[TimeControl "180+2"]
[Date "2023.04.18"]
[WhiteClock "0:00:09"]
[BlackClock "0:00:51"]

1. c4 e6 2. e4 c5 3. Nc3 b6 4. g3 Bb7 5. Bg2 g6 6. h4 Bg7 7. h5 h6 8. hxg6 fxg6 9. d3 Qf6 10. Be3 Nc6 11. Nb5 Ke7 12. Rb1 a6 13. Nc3 Kf7 14. Na4 Qd8 15. Nf3 Nge7 16. Qd2 g5 17. Bh3 d5 18. Bxg5 dxe4 19. dxe4 hxg5 20. Nxg5+ Ke8 21. Qxd8+ Nxd8 22. Nxb6 Rb8 23. O-O Bf6 24. Nxe6 Rxh3 25. Nc7+ Kf7 26. Rfe1 Bxe4 27. Rxe4 Rxb6 28. b3 Ne6 29. Nd5 Nxd5 30. cxd5 Nd4 31. Kg2 Rh5 32. Rc1 Rxd5 33. f4 a5 34. g4 a4 35. bxa4 Rb2+ 36. Kg3 Rxa2 37. g5 Ne2+ 38. Kg4 Nxc1 39. gxf6 Kxf6 40. Rc4 0-1


[Site "https://www.chess.com"]

[Event "Titled Tuesday Blitz April 18 Late 2023"]
[White "Sliwicki, Damian"]
[Black "Mekhitarian, Krikor Sevag"]
[WhiteFideId "1127128"]
[BlackFideId "2107660"]
[WhiteElo "2030"]
[BlackElo "2604"]
[Result "1/2-1/2"]
[Round "05"]
[TimeControl "180+2"]
[Date "2023.04.18"]
[WhiteClock "0:00:04"]
[BlackClock "0:00:03"]

1. e4 c5 2. Nf3 e6 3. d4 cxd4 4. Nxd4 Bc5 5. Nb3 Bb6 6. Nc3 Ne7 7. Bg5 O-O 8. Bd3 Nbc6 9. O-O h6 10. Bh4 g5 11. Bg3 Ng6 12. Bd6 Nce5 13. Qh5 Kg7 14. Bxf8+ Qxf8 15. Ne2 d6 16. Kh1 Qe7 17. f4 gxf4 18. Nxf4 Bd7 19. Rad1 Nxf4 20. Rxf4 Qg5 21. Qxg5+ hxg5 22. Rff1 Bc6 23. Be2 Rd8 24. Nd2 a6 25. Nf3 Nxf3 26. Bxf3 g4 27. Bxg4 Bxe4 28. Bf3 f5 29. Bxe4 fxe4 30. Rf4 d5 31. Rdf1 Rd7 32. Rg4+ Kh7 33. Rg3 Bc7 34. Rg5 d4 35. Rf6 Re7 36. h4 e3 37. Rgg6 e2 38. Rh6+ Kg8 39. Rhg6+ Kh7 40. Rh6+ Kg7 41. Rhg6+ Kh8 42. Rh6+ Kg7 43. Rhg6+ Kh7 1/2-1/2


[Site "https://www.chess.com"]

[Event "Titled Tuesday Blitz April 18 Late 2023"]
[White "reevecanada"]
[Black "Weetik, Vjacheslav"]
[BlackFideId "4153472"]
[WhiteElo "2449"]
[BlackElo "2469"]
[Result "1-0"]
[Round "05"]
[TimeControl "180+2"]
[Date "2023.04.18"]
[WhiteClock "0:00:16"]
[BlackClock "0:00:03"]

1. e4 c6 2. c4 e5 3. Nf3 d6 4. d4 Nd7 5. Nc3 Ngf6 6. Be2 g6 7. O-O Bg7 8. h3 O-O 9. Be3 exd4 10. Nxd4 Re8 11. f3 d5 12. cxd5 cxd5 13. Ndb5 dxe4 14. Nd6 Rf8 15. Ncxe4 Nxe4 16. fxe4 Ne5 17. Rc1 Be6 18. Nxb7 Qxd1 19. Rfxd1 Bxa2 20. Bc5 Rfb8 21. Ba6 Be6 22. Bd6 Re8 23. b4 Nd7 24. Nc5 Bh6 25. Rc3 Bg7 26. Rcc1 Bh6 27. Rc3 Bg7 28. Rf3 Ne5 29. Bxe5 Bxe5 30. Nxe6 Rxe6 31. Bb7 Rb8 32. Bd5 Re7 33. Rdf1 Rf8 34. g4 Kg7 35. Kg2 h6 36. h4 g5 37. b5 Bf4 38. hxg5 hxg5 39. Rc3 Rb8 40. Rb1 Rh8 41. Rh3 Rb8 42. Bc6 Re6 43. Rbh1 a6 44. Rh7+ Kf6 45. Bd5 Rxb5 46. Bxe6 fxe6 47. Ra1 a5 48. Ra2 Ke5 49. Ra7 Kxe4 50. Ra4+ Kd3 51. R7xa5 Rxa5 52. Rxa5 e5 53. Ra3+ Ke2 54. Ra2+ Kd3 55. Kf2 e4 56. Ra3+ Kd4 57. Ke2 e3 58. Ra4+ Kc3 59. Kf3 Kd2 60. Ra2+ Kd3 61. Re2 Kd4 62. Re1 Kd3 63. Rd1+ Kc2 64. Ke2 Kc3 65. Rd3+ Kc4 66. Ra3 Kb4 67. Ra8 Kc3 68. Re8 Kd4 69. Re7 Kd5 70. Kd3 Kc5 71. Ra7 Kd5 72. Ra5+ Kc6 73. Ra2 Kc5 74. Ke4 Kc4 75. Re2 Kc3 76. Rxe3+ Bxe3 77. Kxe3 Kc4 78. Ke4 Kc5 79. Kf5 Kd5 80. Kxg5 Ke6 81. Kh6 1-0


[Site "https://www.chess.com"]

[Event "Titled Tuesday Blitz April 18 Late 2023"]
[White "Djokic, Mihailo"]
[Black "Kubatko, Ivan"]
[WhiteFideId "976440"]
[BlackFideId "24111473"]
[WhiteElo "2294"]
[BlackElo "2285"]
[Result "1-0"]
[Round "05"]
[TimeControl "180+2"]
[Date "2023.04.18"]
[WhiteClock "0:00:06"]
[BlackClock "0:00:02"]

1. e4 d5 2. exd5 Qxd5 3. Nc3 Qa5 4. Bc4 Nf6 5. d3 Bg4 6. f3 Bd7 7. Bd2 Qb6 8. Qe2 e6 9. Nh3 Nc6 10. Be3 Nd4 11. Bxd4 Qxd4 12. Qf2 Qxf2+ 13. Nxf2 O-O-O 14. O-O-O Bc6 15. d4 Nd5 16. Nxd5 exd5 17. Bd3 Bd7 18. Rhe1 Bd6 19. g3 Rde8 20. f4 Kd8 21. a3 h6 22. c4 dxc4 23. Bxc4 Rxe1 24. Rxe1 Re8 25. Rxe8+ Kxe8 26. Ne4 Be7 27. Kd2 Bf5 28. Nc3 c6 29. d5 Bf6 30. dxc6 bxc6 31. Bd3 Be6 32. b4 Kd7 33. Ne4 Be7 34. f5 Bd5 35. Nc5+ Kc7 36. Na4 Bf6 37. Nc3 Kd6 38. Bc2 Bxc3+ 39. Kxc3 Ke5 40. a4 f6 41. Bd3 Bf7 42. a5 Be8 43. Kc4 Kd6 44. Kd4 Bf7 45. Be4 Bg8 46. h4 Bf7 47. Bd3 Be8 48. Bc4 Bd7 49. g4 h5 50. Be2 hxg4 51. Bxg4 g6 52. Bh3 Be8 53. fxg6 Bxg6 54. Bg2 Bh5 55. Be4 Bf7 56. Bf3 Bg6 57. h5 Bh7 58. Be4 f5 59. Bd3 Ke6 60. Kc5 Kd7 61. h6 Kc7 62. Be2 f4 63. Bf3 Bg6 64. Bxc6 Bh7 65. Bf3 Bg6 66. b5 Bh7 67. b6+ axb6+ 68. axb6+ Kb8 69. Kd6 Bg6 70. Ke5 Kc8 71. Kxf4 Kd7 72. Be4 1-0


[Site "https://www.chess.com"]